 Dungeon Crawl Stone Soup version 0.24-a0-446-g87df7205b4 (webtiles) character file.

Game seed: 13338096452778203374

805 vurker the Chopper (level 7, -2/94 HPs)
             Began as a Red Draconian Berserker on June 23, 2019.
             Was a Priest of Trog.
             Slain by an ice beast (12 damage)
             ... on level 6 of the Dungeon.
             The game lasted 00:08:58 (5149 turns).

vurker the Chopper (Red Draconian Berserker)        Turns: 5149, Time: 00:08:59

Health: -2/94      AC:  7    Str: 27    XL:     7   Next: 60%
Magic:  7/7        EV:  9    Int:  7    God:    Trog [***...]
Gold:   194        SH:  8    Dex: 10    Spells: 6/6 levels left

rFire    + . .     SeeInvis .   a - +1 hand axe
rCold    . . .     Gourm    .   d - +0 shield
rNeg     . . .     Faith    .   (armour unavailable)
rPois    .         Spirit   .   (helmet restricted)
rElec    .         Reflect  .   q - +0 cloak
rCorr    .         Harm     .   (no gloves)
MR       ++...     Clarity  +   (no boots)
Stlth    ..........             (no amulet)
HPRegen  1.25/turn              (no ring)
MPRegen  0.10/turn              (no ring)

@: berserking, regenerating, slowed
A: breathe fire, unfitting armour, big wings, hooves 1, blurry vision 1,
clarity, fire resistance 1, cold-blooded, AC +6
a: Breathe Fire, Fly, Berserk, Trog's Hand, Renounce Religion


You were on level 6 of the Dungeon.
You worshipped Trog.
Trog was most pleased with you.
You were near starving.

You visited 1 branch of the dungeon, and saw 6 of its levels.

You collected 194 gold pieces.

Inventory:

Hand Weapons
 a - a +1 hand axe (weapon)
 b - a +1 morningstar of crushing
   (You took it off an orc on level 4 of the Dungeon)
Armour
 d - a +0 shield (worn)
   (You found it on level 1 of the Dungeon)
 q - a +0 cloak (worn)
   (You found it on level 4 of the Dungeon)
Jewellery
 s - an uncursed ring of poison resistance
   (You took it off an orc on level 5 of the Dungeon)
Wands
 h - a wand of clouds (1)
   (You took it off Ijyb on level 4 of the Dungeon)
 t - a wand of flame (17)
   (You found it on level 2 of the Dungeon)
Scrolls
 g - a scroll of fog
 m - 2 scrolls of identify {@r1}
 n - a scroll of enchant armour {unknown}
 o - a scroll of teleportation {@r4}
 p - a scroll of remove curse {@r2}
Potions
 c - 2 potions of flight
 f - 2 potions of magic
 i - a potion of curing {@q1}
 j - a potion of degeneration {unknown}
 k - a potion of mutation {!q}
 l - a potion of lignification {unknown}
Comestibles
 e - 8 rations {!d}
 r - 2 chunks of flesh


   Skills:
 + Level 6.3 Fighting
 * Level 7.6 Axes
 - Level 2.6 Dodging


You had 6 spell levels left.
You didn't know any spells.
Your spell library was empty.

Dungeon Overview and Level Annotations

Branches:
Dungeon (5/15)
 Temple: D:4-7

Altars:
Cheibriados
Hepliaklqana
Qazlal
Sif Muna
Trog
Zin

Shops:
D:4 *


Innate Abilities, Weirdness & Mutations

You can breathe blasts of fire.
Your fiery red scales are hard. (AC +6)
You cannot fit into any form of body armour.
Your flesh is heat resistant. (rF+)
You are cold-blooded and may be slowed by cold attacks.
Your large and strong wings let you fly indefinitely.
You have large cloven feet.
Scrolls take you a little longer to read.
You possess an exceptional clarity of mind.


Message History

The orc warrior hits you with a +0 hand axe!
* * * LOW HITPOINT WARNING * * *
The ice beast barely misses you.
It was a potion of magic.
Magic courses through your body.
The orc priest mumbles some strange prayers to Beogh against you.
Pain shoots through your body!
* * * LOW HITPOINT WARNING * * *
You block the ice beast's attack. You block the orc warrior's attack.
It was a potion of mutation.
You feel extremely strange.
Your vision blurs.
Your wings grow larger and stronger.
Your feet thicken and deform.
Your thoughts seem clearer.
You block the orc priest's attack. You block the ice beast's attack.
Okay, then.
You hit the orc priest but do no damage.
Your kick misses the orc priest. You hit the ice beast.
You hit the orc warrior but do no damage.
The orc warrior barely misses you. You block the orc priest's attack.
You slash the orc priest!
You kill the orc priest!
Trog accepts your kill.
Your shield prevents you from hitting the ice beast.
You hit the orc warrior but do no damage.
The ice beast hits you but does no damage.
You block the orc warrior's attack. The ice beast hits you.
* * * LOW HITPOINT WARNING * * *
The ice beast freezes you!
You feel yourself slow down.
* * * LOW HITPOINT WARNING * * *
Your skin crawls.
You feel resistant to hostile enchantments.
You are feeling hungry.
You have got your breath back.
The orc warrior closely misses you. The ice beast barely misses you.
You block the orc warrior's attack.
A red film seems to cover your vision as you go berserk!
You feel yourself moving faster!
You feel mighty!
You are near starving!
You feel yourself speed up. The ice beast barely misses you.
You block the orc warrior's attack.
The ice beast hits you but does no damage.
You feel a strong urge to attack something.
The orc warrior hits you with a +0 hand axe.
* * * LOW HITPOINT WARNING * * *
You see here a +0 ring mail.
You hit the ice beast. You kick the ice beast! You barely miss the orc warrior.
The ice beast hits you.
* * * LOW HITPOINT WARNING * * *
The ice beast freezes you!
You feel yourself slow down.
You die...

##### # ##...##
#. ##)....###
#..#.o......##
#...Y@.......##
#.............#
#..............
#.?............
#..............
#....$.........
#..............
#............$.
##.............


You could see an orc warrior and an ice beast.

Vanquished Creatures
  Duvessa (D:4)
  A sky beast (D:4)
  2 ogres (D:4)
  Dowan (D:4)
  A scorpion (D:4)
  An orc priest (D:6)
  An orc wizard (D:5)
  An iguana (D:4)
  Ijyb (D:4)
  2 worker ants (D:4)
  3 gnolls (D:4)
  3 adders
  3 oozes
  2 dart slugs
  6 leopard geckos
  17 orcs
  2 ball pythons
  7 bats
  A giant cockroach (D:3)
  9 hobgoblins
  16 jackals
  10 kobolds
  6 frilled lizards
  7 goblins
  A leopard gecko skeleton (D:4)
  4 rats
109 creatures vanquished.

Notes
Turn   | Place    | Note
-------+----------+-------------------------------------------
     0 | D:1      | vurker the Draconian Berserker began the quest for the Orb.
     0 | D:1      | Reached XP level 1. HP: 19/19 MP: 1/1
   168 | D:1      | Reached XP level 2. HP: 23/26 MP: 2/2
   793 | D:1      | Reached XP level 3. HP: 32/33 MP: 3/3
   988 | D:1      | Reached skill level 4 in Axes
  1196 | D:2      | Reached ** piety under Trog
  1786 | D:2      | Reached XP level 4. HP: 31/40 MP: 4/4
  2504 | D:3      | Found a bloodstained altar of Trog.
  3111 | D:3      | Found a snail-covered altar of Cheibriados.
  3117 | D:3      | Found a stormy altar of Qazlal.
  3118 | D:3      | Found a deep blue altar of Sif Muna.
  3120 | D:3      | Found a hazy altar of Hepliaklqana.
  3232 | D:4      | Reached skill level 5 in Axes
  3245 | D:4      | Noticed an ogre
  3251 | D:4      | Killed an ogre
  3251 | D:4      | Reached XP level 5. HP: 41/47 MP: 5/5
  3397 | D:4      | Noticed Ijyb
  3437 | D:4      | Killed Ijyb
  3487 | D:4      | Noticed Duvessa
  3489 | D:4      | Noticed Dowan
  3502 | D:4      | Killed Duvessa
  3502 | D:4      | Reached skill level 5 in Fighting
  3502 | D:4      | Reached skill level 6 in Axes
  3502 | D:4      | Reached XP level 6. HP: 28/56 MP: 6/6
  3508 | D:4      | Killed Dowan
  3764 | D:4      | Found Zin's Purification Station.
  3782 | D:4      | Found a glowing silver altar of Zin.
  3798 | D:4      | Noticed a sky beast
  3815 | D:4      | Killed a sky beast
  3815 | D:4      | Your scales start taking on a fiery red colour.
  3815 | D:4      | Reached XP level 7. HP: 16/62 MP: 7/7
  3815 | D:4      | Gained mutation: Your flesh is heat resistant. (rF+) [Red
                  | Draconian growth]
  4054 | D:4      | Reached skill level 7 in Axes
  4493 | D:4      | Reached *** piety under Trog
  5009 | D:5      | Entered Level 5 of the Dungeon
  5122 | D:5      | You fall into a shaft and drop 1 floor!
  5143 | D:6      | Gained mutation: Scrolls take you a little longer to read.
                  | [potion of mutation]
  5143 | D:6      | Gained mutation: Your large and strong wings let you fly
                  | indefinitely. [potion of mutation]
  5143 | D:6      | Gained mutation: You have large cloven feet. [potion of
                  | mutation]
  5143 | D:6      | Gained mutation: You possess an exceptional clarity of
                  | mind. [potion of mutation]
  5149 | D:6      | Slain by an ice beast

Levels and vault maps discovered:
D:1:      psy_arrival_radial01, layout_loops_ring
D:2:      layout_loops_ring, chequers_serial_rivers_small_b
D:3:      minmay_wonky_spiral, layout_basic, minitemple, minmay_checkerbox
D:4:      layout_loops_ring, zin_purify, uniq_duvessa, uniq_ijyb
D:5:      layout_loops_ring, kennysheep_mini_moat, first_ration, serial_shops,
          nicolae_shop_stone, hangedman_decor_points
D:6:      layout_cave_pods, minmay_temple_entry_statues_fountains,
          lemuel_old_faithful

Skill      XL: |  1  2  3  4  5  6  7 |
---------------+----------------------+-----
Axes           | 4 5 6 7 |  7.6
Fighting       | 4 5 6 |  6.3
Dodging        | |  2.6

Action                   |  1- 3 |  4- 6 |  7- 9 || total
-------------------------+-------+-------+-------++-------
Melee: Hand axe          |   127 |   118 |    91 ||   336
       Tailslap          |    11 |    16 |     8 ||    35
       Kick              |       |       |     1 ||     1
Invok: Berserk           |       |     2 |     1 ||     3
       Trog's Hand       |       |     1 |     1 ||     2
 Abil: Breathe Fire      |       |       |     2 ||     2
Evoke: Wand              |       |     2 |       ||     2
  Use: Scroll            |       |     8 |       ||     8
       Potion            |       |     1 |     2 ||     3
 Stab: Confused          |       |     2 |       ||     2
       Distracted        |       |     1 |       ||     1
  Eat: Chunk             |     3 |     8 |     5 ||    16
Armor: Skin              |    46 |    35 |    18 ||    99
Dodge: Dodged            |    58 |    33 |    37 ||   128
Block: Shield            |    29 |    48 |    33 ||   110

Table legend:
 A = Non-vault XP
 B = Vault XP
 C = Vault XP percentage of total XP
 D = Non-vault monster count
 E = Vault monster count
 F = Vault count percentage of total count
                 A         B        C        D         E       F
            +---------+---------+-------+---------+---------+-------
      Total |     903 |     248 |  21.5 |     100 |       9 |   8.3
            +---------+---------+-------+---------+---------+-------
        D:1 |      52 |       0 |   0.0 |      24 |       0 |   0.0
        D:2 |      49 |       0 |   0.0 |      22 |       0 |   0.0
        D:3 |      28 |      14 |  33.3 |      12 |       6 |  33.3
        D:4 |     659 |     234 |  26.2 |      32 |       3 |   8.6
        D:5 |      52 |       0 |   0.0 |       6 |       0 |   0.0
        D:6 |      63 |       0 |   0.0 |       4 |       0 |   0.0
            +---------+---------+-------+---------+---------+-------
